 Dungeon Sprint DCSS version 0.28.0-1-gb440e238dd (webtiles) character file.

Game seed: 8108048247528472800

1376 boopmooplesden the Fighter (level 8, -1/95 HPs)
             Began as an Ogre Berserker on Feb 26, 2022.
             Was an Elder of Trog.
             Succumbed to a water moccasin's poison
             ... in the Dungeon (Sprint II: "The Violet Keep of Menkaure").
             The game lasted 00:01:04 (768 turns).

boopmooplesden the Fighter (Ogre Berserker)          Turns: 768, Time: 00:01:05

Health: -1/95      AC:  3    Str: 24    XL:     8   Next: 66%
Magic:  8/8        EV: 11    Int:  6    God:    Trog [****..]
Gold:   972        SH:  0    Dex:  6    Spells: 7/7 levels left

rFire   . . .      SeeInvis .   a - +0 hand axe
rCold   . . .      Faith    .   (no shield)
rNeg    . . .      Spirit   .   b - +0 animal skin
rPois   .          Reflect  .   (helmet restricted)
rElec   .          Harm     .   (no cloak)
rCorr   .          Rampage  .   (gloves unavailable)
Will    .....      NoTele   +   (boots unavailable)
Stlth   +.........              (no amulet)
HPRegen 0.25/turn               (no ring)
MPRegen 0.11/turn               (no ring)

@: lethally poisoned (-1 -> -22), on berserk cooldown, slowed, very slow
A: large, unfitting armour, tough skin 1, clumsy 1, deterioration 1, dopey 1,
frail 1
a: Renounce Religion, Berserk, Trog's Hand, Brothers in Arms


You were in the Dungeon.
You worshipped Trog.
Trog was greatly pleased with you.
You visited 1 branch You collected 972 gold pieces.

Inventory:

Hand Weapons
 a - a +0 hand axe (weapon)
Armour
 b - a +0 animal skin (worn)
Scrolls
 h - a scroll of blinking
Potions
 e - a potion of haste
 f - 2 potions of magic
 g - a potion of berserk rage


   Skills:
 + Level 14.4 Fighting
 + Level 12.0 Axes
 + Level 9.7 Dodging
 + Level 0.2 Stealth


You had 7 spell levels left.
You didn't know any spells.
Your spell library was empty.

Dungeon Overview and Level Annotations

Branches:
Dungeon (1/1)

Altars:

Shops:
D ([!*?=![[?


Innate Abilities, Weirdness & Mutations

You are too large for most types of armour.
You have tough skin. (AC +1)
You are clumsy. (Dex -2)
Your body sometimes deteriorates upon taking damage.
You are dopey. (Int -2)
You are frail. (-10% HP)


Message History

The water moccasin is lightly wounded.
You feel extremely sick. The water moccasin bites you.
You feel better. The water moccasin bites you!
You are poisoned.
The water moccasin poisons you! The water moccasin bites you.
You slash the water moccasin!
The water moccasin is heavily wounded.
You feel very sick. The water moccasin bites you!
* * * LOW HITPOINT WARNING * * *
You closely miss the water moccasin.
The water moccasin is heavily wounded.
You feel sick. The water moccasin bites you!
* * * LOW HITPOINT WARNING * * *
The water moccasin bites you but does no damage.
You hit the water moccasin but do no damage.
The water moccasin is heavily wounded.
You feel sick. The water moccasin closely misses you.
You hit the water moccasin.
The water moccasin is heavily wounded.
You feel sick. The water moccasin bites you!
* * * LOW HITPOINT WARNING * * *
You are lethally poisoned!
The water moccasin poisons you! The water moccasin bites you.
* * * LOW HITPOINT WARNING * * *
You are more poisoned.
The water moccasin poisons you!
You feel much better.
* * * LOW HITPOINT WARNING * * *
You feel extremely sick. The water moccasin bites you.
* * * LOW HITPOINT WARNING * * *
You are more poisoned.
The water moccasin poisons you! The water moccasin closely misses you.
* * * LOW HITPOINT WARNING * * *
You feel extremely sick. The water moccasin bites you.
* * * LOW HITPOINT WARNING * * *
You die...

########≈≈#+++
#######≈≈≈...
.....∩#≈≈≈≈.
....∩.#≈≈≈≈## ###
...∩..#≈≈≈ #.##..#
∩.∩.∩.#≈≈####...# ## ##
.∩.∩..#≈##.###'###.# ..#
∩.∩...#≈#S.###.##.# #..#
.⌠....+≈'##@†.<.'###+..#
......#≈#..###.##.#.#
▓▓▓▓###≈##.###'###.##
l######≈≈####.).#### l
##≈ #..#..# + ##...##
##+##


You could see a water moccasin.

Vanquished Creatures
  A merfolk siren (D)
  2 wyverns (D)
  4 neqoxecs (D)
  4 scorpions (D)
11 creatures vanquished.

Vanquished Creatures (others)
  Menkaure (D)
  A water moccasin (D)
2 creatures vanquished.

Grand Total: 13 creatures vanquished

Notes
Turn   | Place    | Note
-------+----------+-------------------------------------------
     0 | D        | boopmooplesden the Ogre Berserker began the quest for the
                  | Orb.
     0 | D        | Reached XP level 1. HP: 24/24 MP: 1/1
     1 | D        | Noticed a neqoxec
     1 | D        | Noticed a neqoxec
     1 | D        | Noticed a neqoxec
     1 | D        | Noticed a neqoxec
     7 | D        | Gained mutation: You are frail. (-10% HP) [a neqoxec]
     8 | D        | Killed a neqoxec
     9 | D        | Reached skill level 8 in Fighting
     9 | D        | Reached skill level 5 in Dodging
     9 | D        | Reached XP level 2. HP: 37/37 MP: 2/2
     9 | D        | Reached XP level 3. HP: 44/44 MP: 3/3
     9 | D        | Reached XP level 4. HP: 52/52 MP: 4/4
     9 | D        | Reached XP level 5. HP: 59/59 MP: 5/5
     9 | D        | Gained mutation: You are dopey. (Int -2) [a neqoxec]
     9 | D        | Gained mutation: You are clumsy. (Dex -2) [a neqoxec]
    10 | D        | Gained mutation: Your body sometimes deteriorates upon
                  | taking damage. [a neqoxec]
    12 | D        | Killed a neqoxec
    12 | D        | Reached ** piety under Trog
    13 | D        | Reached skill level 10 in Fighting
    13 | D        | Reached XP level 6. HP: 61/70 MP: 6/6
    16 | D        | Killed a neqoxec
    17 | D        | Reached skill level 11 in Fighting
    19 | D        | Killed a neqoxec
    20 | D        | Reached XP level 7. HP: 36/80 MP: 7/7
   108 | D        | Killed Menkaure
   202 | D        | Noticed a wyvern
   202 | D        | Noticed a wyvern
   209 | D        | Killed a wyvern
   210 | D        | Reached skill level 12 in Fighting
   210 | D        | Reached skill level 10 in Axes
   217 | D        | Killed a wyvern
   217 | D        | Reached *** piety under Trog
   218 | D        | Reached skill level 13 in Fighting
   506 | D        | Noticed a merfolk siren
   523 | D        | Killed a merfolk siren
   524 | D        | Reached XP level 8. HP: 42/93 MP: 8/8
   737 | D        | Reached skill level 14 in Fighting
   740 | D        | Reached **** piety under Trog
   753 | D        | Found Kaysesab's Magic Scroll Emporium.
   753 | D        | Found Onoc's Distillery.
   753 | D        | Found Qifuhot's Distillery.
   753 | D        | Found Laad's Antique Armour Emporium.
   753 | D        | Found Kemmot's General Store.
   753 | D        | Found Baged's Jewellery Shoppe.
   753 | D        | Found Laanim's Antique Armour Shoppe.
   753 | D        | Found Puylussa's Magic Scroll Shoppe.
   754 | D        | Found Dif Cumi's Antique Armour Shoppe.
   754 | D        | Found Taogg's Antique Weapon Emporium.
   754 | D        | Noticed a wyvern
   754 | D        | Noticed a wyvern
   767 | D        | HP: 4/95 [water moccasin (1)]
   768 | D        | Succumbed to a water moccasin's poison

Illustrated notes

Levels and vault maps discovered:
D:        the_violet_keep_of_menkaure [sprint2_stairs_cluster_1,
          sprint2_shoproom, sprint2_temple, sprint2_basic_supplies,
          sprint2_obstacle_3, sprint2_obstacle_4, sprint2_obstacle_5,
          sprint2_obstacle_2, sprint2_obstacle_6, sprint2_timed_cluster_1,
          sprint2_smallroom_cluster_1, sprint2_smallroom_final_cluster_1,
          sprint2_transparent_cluster_1, sprint2_second_timed_cluster_1,
          sprint2_sniper_area_1, sprint2_heavy_combat_area_1,
          sprint2_mutation_trap_area_1, sprint2_forest_area_1,
          sprint2_light_combat_area_1, sprint2_behind_water_1,
          sprint2_near_end_vault_1]

Skill      XL: |  1  2  3  4  5  6  7  8 |
---------------+-------------------------+-----
Fighting       | 8 10 11 13 14 | 14.4
Axes           | 6 8 9 11 12 | 12.0
Dodging        | 5 6 8 9 |  9.7
Stealth        | |  0.2

Action                   |  1- 3 |  4- 6 |  7- 9 || total
-------------------------+-------+-------+-------++-------
Melee: Hand axe          |     6 |    10 |    50 ||    66
Invok: Berserk           |     1 |       |     1 ||     2
  Use: Potion            |       |       |     2 ||     2
Armor: Animal skin       |       |     1 |     4 ||     5
Dodge: Dodged            |     1 |     3 |    17 ||    21
